 Dungeon Crawl Stone Soup version 0.28-a0-1080-g05a166d0ed (webtiles) character file.

Game seed: 7352734008129709088

25 patchburns1 the Magician (level 3, 0/26 HPs)
             Began as a Djinni Fire Elementalist on Dec 9, 2021.
             Slain by an orc priest (4 damage)
             ... on level 3 of the Dungeon.
             The game lasted 00:07:25 (1198 turns).

patchburns1 the Magician (Djinni Fire Elementalist) Turns: 1198, Time: 00:07:26

Health: 0/26       AC:  6    Str:  7    XL:     3   Next: 20%
Gold:   45         EV: 11    Int: 18    God:
                   SH:  0    Dex: 13

rFire   + + .      SeeInvis .   g - +0 dagger
rCold   x . .      Faith    .   (no shield)
rNeg    . . .      Spirit   .   j - +0 leather armour
rPois   ∞          Reflect  .   l - +0 helmet
rElec   .          Harm     .   b - +1 cloak
rCorr   .          Rampage  .   (no gloves)
Will    .....                   (boots unavailable)
Stlth   ++........              (no amulet)
HPRegen 0.08/turn               (no ring)
MPRegen 0.00/turn               (no ring)

@: flying
A: sickness immunity, fire resistance 2, cold vulnerability 1, float, innate
caster, hp casting, extra vitality 1
a: no special abilities


You were on level 3 of the Dungeon.
You visited 1 branch of the dungeon, and saw 3 of its levels.

You collected 45 gold pieces.

Inventory:

Hand Weapons
 g - a +0 dagger (weapon)
Missiles
 h - 19 bolts
Armour
 a - a +0 robe
 b - a +1 cloak (worn)
 j - a +0 leather armour (worn)
 l - a +0 helmet (worn)
Scrolls
 d - a scroll of amnesia {unknown}
 f - a scroll of identify {unknown}
 k - a scroll of teleportation {unknown}
Potions
 c - a potion of attraction {unknown}
 e - a potion of heal wounds {unknown}
 i - a potion of degeneration {unknown}
 m - a potion of magic {unknown}


   Skills:
 + Level 0.4 Fighting
 + Level 0.4 Armour
 + Level 2.6 Dodging
 + Level 2.0 Stealth
 * Level 2.7 Spellcasting


You couldn't memorise any spells.
You knew the following spells:

 Your Spells              Type           Power      Damage    Failure   Level
a - Foxfire               Conj/Fire      48%        2x1d6     8%          1
b - Scorch                Fire           24%        2d6       12%         2
c - Conjure Flame         Conj/Fire      12%        6-21      24%         3
d - Inner Flame           Hex/Fire       12%        N/A       24%         3
e - Flame Wave            Conj/Fire      12%        2d5       61%         4
f - Beastly Appendage     Tmut           24%        N/A       8%          1
Your spell library was empty.

Dungeon Overview and Level Annotations

Branches:
Dungeon (2/15)

Altars:


Innate Abilities, Weirdness & Mutations

You are immune to sickness and miasma.
You are immune to poison.
Your flesh is very heat resistant. (rF++)
You are vulnerable to cold. (rC-)
You float through the air rather than walking.
You learn spells naturally, not from books.
Your magical power is your life essence.
You have superior vitality. (+4 HP)


Message History

The foxfire hits the orc priest.
The orc priest is moderately wounded.
The foxfire hits the orc priest.
The orc priest is severely wounded.
There is an open door here.
Casting: Foxfire (safe; 8% risk of failure)
Confirm with . or Enter, or press ? or * to list all spells.
You conjure some foxfire!
The orc priest calls down the wrath of Beogh upon you.
Beogh smites you!
* * * LOW HITPOINT WARNING * * *
An orc comes into view. It is wielding a +0 short sword.
The orc shouts!
The foxfire hits the orc priest.
The orc priest is almost dead.
The orc moves out of view.
Casting: Foxfire (safe; 8% risk of failure)
Confirm with . or Enter, or press ? or * to list all spells.
You conjure some foxfire!
* * * LOW HITPOINT WARNING * * *
The foxfire hits the orc but does no damage.
An orc priest comes into view. It is wielding a +0 falchion.
The orc priest looks encouraged for a moment.
The foxfire hits the orc but does no damage. x2
There is an open door here.
The orc priest miscasts a cantrip.
Casting: Foxfire (safe; 8% risk of failure)
Confirm with . or Enter, or press ? or * to list all spells.
You conjure some foxfire!
* * * LOW HITPOINT WARNING * * *
The foxfire hits the orc.
The orc is severely wounded.
The foxfire hits the orc.
You kill the orc!
Casting: Foxfire (safe; 8% risk of failure)
Confirm with . or Enter, or press ? or * to list all spells.
You conjure some foxfire!
* * * LOW HITPOINT WARNING * * *
The orc priest hits you from afar with a +0 trident.
You die...

.......##########
...........#.##.#
§..o.......#..#.#
...#..#....##.#.# #########
...#..#....##.#.# #.......#
#....†)....##.#.###.#####.#
#..........oo.......# #.#
#..........###o.####### #.#
#..........# #.v@.....# #.#
#..........# #.v#####.###.#
#..........# #..# #.#...#
#..........# ##># #.#.#####
...........# ### #.#.....#
...........# #.#####.#
...........# #.# #.#
#########.# #.# #.........#
#.#


You could see 2 orc priests and an orc.

Vanquished Creatures
  A worm (D:3)
  2 dart slugs (D:1)
  2 orcs (D:3)
  2 endoplasms (D:3)
  A goblin (D:1)
  4 hobgoblins
  2 ball pythons (D:1)
  A bat (D:1)
  A frilled lizard (D:1)
16 creatures vanquished.

Vanquished Creatures (others)
  49 foxfires
49 creatures vanquished.

Grand Total: 65 creatures vanquished

Notes
Turn   | Place    | Note
-------+----------+-------------------------------------------
     0 | D:1      | patchburns1 the Djinni Fire Elementalist began the quest
                  | for the Orb.
     0 | D:1      | Reached XP level 1. HP: 15/15 MP: 0/0
   386 | D:1      | Reached XP level 2. HP: 13/21 MP: 0/0
  1012 | D:2      | You are sucked into a shaft and drop 1 floor!
  1147 | D:3      | Reached XP level 3. HP: 20/25 MP: 0/0
  1147 | D:3      | Learned a level 1 spell: Beastly Appendage
  1198 | D:3      | Slain by an orc priest

Illustrated notes

Levels and vault maps discovered:
D:1:      ncdulo_lavacross, layout_loops_ring, wad_floor_pattern_untrapped
D:2:      layout_basic, serial_rivers, chequers_serial_rivers_small_b,
          chequers_serial_rivers_small_b, chequers_serial_rivers_micro_d,
          chequers_serial_rivers_micro_b, chequers_serial_rivers_room_a,
          basic_altar
D:3:      lemuel_castle_with_subvaults [lemuel_castle_interior_carwin_3],
          layout_basic, lemuel_another_geyser, uniq_robin

Skill      XL: |  1  2 |
---------------+-------+-----
Stealth        | 2 |  2.0
Fighting       | |  0.4
Armour         | |  0.4
Dodging        | |  2.6
Spellcasting   | |  2.7

Action                   || total
-------------------------++-------
Melee: Unarmed           ||     2
       Dagger            ||     3
 Cast: Foxfire           ||    32
Armor: Robe              ||     5
       Leather armour    ||     1
Dodge: Dodged            ||    12

Table legend: (Time is in decaauts)
 A = Elapsed time spent in this place.
 B = Non-inter-level travel time spent in this place.
 C = Inter-level travel time spent in this place.
 D = Time resting spent in this place.
 E = Time spent auto-exploring this place.
 F = Levels seen in this place.
 G = Mean time per level.
                   A        B        C        D        E       F      G
               +--------+--------+--------+--------+--------+-----+--------+
         Total |   1197 |   1127 |     70 |    299 |    334 |   3 |  399.0 |
       Dungeon |   1197 |   1127 |     70 |    299 |    334 |   3 |  399.0 |
               +--------+--------+--------+--------+--------+-----+--------+

Top non-repeatable levels by time:
     D:1: 1000 daAuts
     D:3: 185 daAuts
     D:2: 10 daAuts
